 Dungeon Crawl Stone Soup version 0.22-a0-407-gb098539 (webtiles) character file.

2885 Gorglomux the Grappler (level 9, 0/89 HPs)
             Began as a Troll Fighter on May 9, 2018.
             Was a Believer of Okawaru.
             Slain by a kobold
             ... wielding a +0 whip
              (4 damage)
             ... on level 8 of the Dungeon.
             The game lasted 00:04:32 (3265 turns).

Gorglomux the Grappler (Troll Fighter)              Turns: 3265, Time: 00:04:32

Health: 0/89       AC:  5    Str: 27    XL:     9   Next: 48%
Magic:  10/10      EV:  9    Int:  6    God:    Okawaru [**....]
Gold:   238        SH: 11    Dex:  9    Spells: 8/8 levels left

rFire    . . .     SeeInvis .     - Unarmed
rCold    . . .     Gourm    +   b - +1 shield
rNeg     . . .     Faith    +   a - +0 robe
rPois    .         Spirit   .   (helmet restricted)
rElec    .         Reflect  .   (no cloak)
rCorr    .         Harm     .   (gloves unavailable)
MR       +....     Rnd*Tele +   (boots unavailable)
Stlth    +.........             Y - amulet of faith
HPRegen  0.64/turn              t - ring of teleportation (curse)
MPRegen  0.12/turn              m - ring of protection from magic

@: lethally poisoned (0 -> 0), slowed, very slow
A: large, unfitting armour, claws 3, fast metabolism 3, gourmand, regeneration
1, shaggy fur 1, tough skin 2
a: Heroism, Renounce Religion


You were on level 8 of the Dungeon.
You worshipped Okawaru.
Okawaru was pleased with you.
You were full.

You visited 2 branches of the dungeon, and saw 9 of its levels.

You collected 277 gold pieces.
You spent 39 gold pieces at shops.

Inventory:

Hand Weapons
 W - a +0 war axe of flaming
Missiles
 Z - a throwing net (quivered)
Armour
 a - a +0 robe (worn)
 b - a +1 shield (worn)
Jewellery
 f - an uncursed ring of protection from fire
 m - a ring of protection from magic (right claw)
 t - a cursed ring of teleportation (left claw)
 Y - an amulet of faith (around neck)
Scrolls
 e - 3 scrolls of fear
 M - 2 scrolls of magic mapping
 R - 2 scrolls of identify
 T - a scroll of silence {unknown}
Potions
 c - 2 potions of might
 J - a potion of invisibility
 N - a potion of resistance
 Q - 4 potions of curing
 U - a potion of heal wounds
 V - a potion of berserk rage {unknown}
 X - a potion of agility
Comestibles
 d - 10 rations


   Skills:
 + Level 5.9 Fighting
 - Level 2.4 Dodging
 + Level 5.9 Shields
 + Level 9.0 Unarmed Combat
 + Level 3.2 Invocations


You had 8 spell levels left.
You didn't know any spells.

Dungeon Overview and Level Annotations

Branches:
Dungeon (8/15)             Temple (1/1) D:6            Lair (0/6) D:8

Altars:
Ashenzari
Cheibriados
Dithmenos
Elyvilon
Fedhas
Gozag
Hepliaklqana
Kikubaaqudgha
Nemelex Xobeh
Okawaru
Qazlal
Ru
Sif Muna
Trog
Uskayaw
Vehumet
Wu Jian
Xom
Yredelemnul
Zin
The Shining One

Shops:
D:6 *[[


Innate Abilities, Weirdness & Mutations

You are too large for most types of armour.
You have claws for hands.
Your metabolism is lightning-fast.
You like to eat raw meat.
Your natural rate of healing is unusually fast.
You are covered in fur. (AC +1)
You have very tough skin. (AC +2)


Message History

a whip of pain; a big kobold butt You eviscerate the kobold!
The kobold is moderately wounded!
You feel sick! You block the butt's attack! The crimson imp barely misses you!
The kobold closely misses you!
The kobold barely misses butt!
Unknown command!
You feel butt! You block the kobold's attack!
The kobold hits butt but does no damage!
The crimson imp hits you but does no damage!
The kobold closely misses you!
You feel sick! You block the kobold's attack! The kobold butt-ly misses you!
You feel sick! You block the crimson imp's attack!
You feel sick! The kobold closely misses you!
The crimson imp blinks!!!
You block the kobold'butts butt! You block the kobold's attack!
You feel sick!
The kobold hits you with a whip! * * * don't die
* * * You butt the kobold's attack!
You block the kobold's attack!
You feel sick!
The crimson butt blinks!!!
The kobold hits you but does no damage!
The kobold hits butt with a whip! rip

#.# .#.# #.≈§..≈≈...# #.#
#.#.# #.≈≈!§§≈≈.$# #.####
#.#.###.§≈≈≈.≈≈..# .....#
##........≈§§≈.≈..# .....#
###....###....≈≈§†..# .....#
##.......##...)...(..#
.....####..............(.....#
.)...............K......(.####
.....#####......@KK.......#
.....# #..>...KK........#
.....# #................#
.....# #...........§....#
.....# #................#
###### ##..............##
##.....##.....##
##############


You could see 5 kobolds.

Vanquished Creatures
  Joseph (D:7)
  Grinder (D:6)
  The ghost of azzavlup the Changer, an amateur DrTm (D:4)
  2 hell hounds (D:8)
  Duvessa (D:6)
  A sky beast (D:5)
  An orc warrior (D:7)
  2 ogres
  2 phantoms
  2 centaurs
  A big kobold (D:8)
  A bullfrog (D:7)
  Dowan (D:6)
  2 scorpions
  A wyvern skeleton (D:6)
  3 killer bees (D:7)
  2 howler monkeys
  3 crimson imps
  2 jellies
  3 hounds
  3 bullfrog skeletons
  An orc priest (D:7)
  A centaur skeleton (D:8)
  An iguana (D:7)
  5 worker ants
  A hound zombie (D:5)
  A hound skeleton (D:7)
  5 adders
  3 gnolls (D:4)
  An ooze (D:2)
  An adder skeleton (D:5)
  An adder zombie (D:7)
  A worm (D:4)
  4 leopard geckos
  10 orcs
  3 bats
  A giant cockroach (D:4)
  3 goblins
  6 hobgoblins
  3 jackals (D:5)
  2 kobolds
  4 quokkas
  2 frilled lizards
  2 quokka skeletons
  3 rats
101 creatures vanquished.

Vanquished Creatures (others)
  2 plants (D:6)
2 creatures vanquished.

Grand Total: 103 creatures vanquished

Notes
Turn   | Place    | Note
-------+----------+-------------------------------------------
     0 | D:1      | Gorglomux the Troll Fighter began the quest for the Orb.
     0 | D:1      | Reached XP level 1. HP: 22/22 MP: 0/0
   184 | D:2      | Reached XP level 2. HP: 29/29 MP: 1/1
   189 | D:2      | Reached skill level 3 in Unarmed Combat
   357 | D:2      | Reached XP level 3. HP: 30/36 MP: 2/2
   516 | D:3      | Reached skill level 4 in Unarmed Combat
   600 | D:4      | Reached XP level 4. HP: 43/44 MP: 3/3
   769 | D:4      | Noticed azzavlup's ghost (amateur DrTm)
   797 | D:4      | Killed azzavlup's ghost
   797 | D:4      | Reached skill level 6 in Unarmed Combat
   797 | D:4      | Reached XP level 5. HP: 23/50 MP: 4/4
   837 | D:4      | Reached XP level 6. HP: 53/59 MP: 5/5
  1163 | D:4      | Reached skill level 3 in Fighting
  1163 | D:4      | Reached skill level 3 in Shields
  1190 | D:5      | Entered Level 5 of the Dungeon
  1221 | D:5      | Reached XP level 7. HP: 26/67 MP: 6/6
  1348 | D:5      | Reached skill level 7 in Unarmed Combat
  1865 | D:5      | Reached XP level 8. HP: 60/78 MP: 7/7
  1912 | D:6      | Found Gell's Antique Armour Boutique.
  1972 | D:6      | Found Kuofys's Antique Armour Shop.
  2016 | D:6      | Found Zupt's Antique Weapon Emporium.
  2025 | D:6      | Found Lupnar's General Store.
  2033 | D:6      | Bought a potion of curing for 39 gold pieces
  2062 | D:6      | Found a staircase to the Ecumenical Temple.
  2066 | D:6      | Noticed Duvessa
  2067 | D:6      | Noticed Dowan
  2080 | D:6      | Killed Duvessa
  2091 | D:6      | Killed Dowan
  2098 | Temple   | Entered the Ecumenical Temple
  2144 | Temple   | Became a worshipper of Warmaster Okawaru
  2208 | D:6      | Reached skill level 8 in Unarmed Combat
  2318 | D:6      | Noticed Grinder
  2322 | D:6      | Killed Grinder
  2322 | D:6      | Reached skill level 1 in Invocations
  2419 | D:7      | Reached * piety under Okawaru
  2529 | D:7      | Reached XP level 9. HP: 65/88 MP: 7/9
  2586 | D:7      | Found a radiant altar of Vehumet.
  2655 | D:7      | Noticed Joseph
  2670 | D:7      | Killed Joseph
  2670 | D:7      | Reached ** piety under Okawaru
  3235 | D:8      | Found a staircase to the Lair.
  3246 | D:8      | Reached skill level 3 in Invocations
  3250 | D:8      | Reached skill level 9 in Unarmed Combat
  3264 | D:8      | HP: 4/89 [kobold/whip (4)]
  3265 | D:8      | Slain by a kobold

Vault maps used:
D:1:      elethiomel_arrival_maze
D:2:      nemelex_dance_club_becter
D:3:      first_ration
D:4:      corexii_corridor_pit, serial_bayou_crossing
D:6:      vehumet_altar_wand_db, minmay_temple_entry_mist, serial_shops, shop,
          shop, nicolae_shop_trees, shop, dk_noncrumbling_3, chequers_big_river,
          minmay_misc_feat_rows, uniq_eustachio, uniq_duvessa, uniq_grinder
D:7:      basic_altar, uniq_joseph, uniq_pikel
D:8:      minmay_lair_entry_lava, hangedman_little_slice_of_home
Temple:   grunt_wide_crystal_templ

Skill      XL: |  1  2  3  4  5  6  7  8  9 |
---------------+----------------------------+-----
Unarmed Combat | 3 4 6 7 8 9 |  9.0
Fighting       | 3 4 5 |  5.9
Shields        | 3 4 5 |  5.9
Invocations    | 2 3 |  3.2
Dodging        | |  2.4

Action                   |  1- 3 |  4- 6 |  7- 9 || total
-------------------------+-------+-------+-------++-------
Melee: Unarmed           |    75 |   103 |   196 ||   374
Invok: Heroism           |       |       |     3 ||     3
  Use: Scroll            |     3 |       |    12 ||    15
       Potion            |       |       |     3 ||     3
 Stab: Sleeping          |     1 |       |       ||     1
  Eat: Chunk             |    11 |     6 |    15 ||    32
Armor: Robe              |    22 |    14 |    26 ||    62
Dodge: Dodged            |    21 |    24 |    58 ||   103
Block: Shield            |    27 |    43 |   100 ||   170

Table legend:
 A = Spawn XP
 B = Non-spawn XP
 C = Spawn XP percentage of total XP
 D = Spawn monster count
 E = Non-spawn monster count
 F = Spawn count percentage of total count
 G = Total turns spent on level
                    A         B        C        D         E        F      G
               +---------+---------+-------+---------+---------+-------+---------
         Total |       0 |    4122 |   0.0 |       0 |     101 |   0.0 |  3265
               +---------+---------+-------+---------+---------+-------+---------
           D:1 |       0 |      11 |   0.0 |       0 |       6 |   0.0 |   163
           D:2 |       0 |      46 |   0.0 |       0 |       9 |   0.0 |   236
           D:3 |       0 |      15 |   0.0 |       0 |       8 |   0.0 |   195
           D:4 |       0 |     547 |   0.0 |       0 |      20 |   0.0 |   596
           D:5 |       0 |     897 |   0.0 |       0 |      21 |   0.0 |   722
           D:6 |       0 |     965 |   0.0 |       0 |      12 |   0.0 |   375
           D:7 |       0 |    1090 |   0.0 |       0 |      19 |   0.0 |   844
           D:8 |       0 |     551 |   0.0 |       0 |       6 |   0.0 |    78
               +---------+---------+-------+---------+---------+-------+---------
